 Dungeon Crawl Stone Soup version 0.19-a0-330-g034cfd4 (webtiles) character file.

21 Duffy the Twirler (level 2, -2/22 HPs)
             Began as a Mummy Gladiator on May 29, 2016.
             Slain by a hound (3 damage)
             ... on level 1 of the Dungeon.
             The game lasted 00:01:02 (994 turns).

Duffy the Twirler (Mummy Gladiator)                  Turns: 994, Time: 00:01:02

Health: -2/22      AC:  4    Str: 18    XL:     2   Next: 65%
Magic:  2/2        EV: 12    Int:  7    God:
Gold:   18         SH:  0    Dex: 12    Spells: 0 memorised, 1 level left

rFire  x . .     SeeInvis .     h - +0 whip (venom)
rCold  + . .     Gourm    .     b - +0 leather armour
rNeg   + + +     Faith    .     (no shield)
rPois  ∞         Spirit   .     c - +0 helmet
rElec  .         Dismiss  .     (no cloak)
rCorr  .         Reflect  .     (no gloves)
SustAt .         Harm     .     (no boots)
MR     .....                    (no amulet)
Stlth  +.........               (no ring)
                                (no ring)

@: not resistant to hostile enchantments, very unstealthy
A: no food or potions, fire vulnerability, cold resistance 1, negative energy
resistance 3, torment resistance, unbreathing
a: no special abilities


You were on level 1 of the Dungeon.
You were not hungry.

You visited 1 branch of the dungeon, and saw 1 of its levels.

You collected 18 gold pieces.


Innate Abilities, Weirdness & Mutations

You do not eat or drink.
Your flesh is vulnerable to fire.
You are immune to poison.
Your flesh is cold resistant. (rC+)
You are immune to negative energy. (rN+++)
You are immune to unholy pain and torment.
You can survive without breathing.


   Skills:
 - Level 2.0 Fighting
 + Level 3.3 Staves
 - Level 1.5 Throwing
 - Level 2.4 Dodging


You had one spell level left.
You didn't know any spells.

Inventory:

Hand Weapons
 a - a +0 quarterstaff
 h - a +0 whip of venom (weapon)
Missiles
 d - 3 throwing nets (quivered)
 e - 16 poisoned needles
Armour
 b - a +0 leather armour (worn)
 c - a +0 helmet (worn)
Scrolls
 f - a scroll of identify {unknown}
 g - a scroll of fear {unknown}

Dungeon Overview and Level Annotations

Branches:
Dungeon (1/15)

Altars:
Okawaru


Message History

You hit the hobgoblin.
The hobgoblin is almost dead.
You kill the hobgoblin!
No target in view!
No target in view!
No target in view!
No target in view!
No target in view!
No target in view!
No target in view!
No target in view!
Done exploring.
Done exploring.
(D) Dungeon
Where to? (* - list waypoints, ? - help)
A hound comes into view.
The hound moves out of view.
What do you say? t - Shout!
Orders for allies: a - Attack new target. r - Retreat! s - Stop attacking. w - Wait here. f - Follow me.
Anything else - Stay silent.
You shout for attention!
You hear a bark!
You barely miss the hound. The hound closely misses you.
You closely miss the hound. The hound barely misses you. The hound bites you.
You closely miss the hound. The hound bites you.
You hit the hound but do no damage.
The hound is poisoned.
The hound bites you. The hound closely misses you.
You closely miss the hound. The hound bites you.
You miss the hound.
The hound is lightly wounded.
The hound closely misses you. The hound bites you.
You are too injured to fight recklessly!
You are too injured to fight recklessly!
You are too injured to fight recklessly!
You are too injured to fight recklessly!
You are too injured to fight recklessly!
You are too injured to fight recklessly!
You are too injured to fight recklessly!
You are too injured to fight recklessly!
You are too injured to fight recklessly!
You closely miss the hound.
The hound is lightly wounded.
The hound bites you. The hound completely misses you.
You hit the hound but do no damage.
The hound looks even sicker.
The hound is heavily wounded.
The hound bites you.
You die...

~~~~.#
#.#.#.#.....#.#.# #.
~~~~.##
#.#.#....#....#.# #.
......#
#.#.#.#.....#.#.# ##
####..#
#.......##....#.# ##.#
###.##.###..###.# #.#
#.##.###.####.# #.#
#.##..........# ######
#.######.#####.......#
#.....
#.##.......h@..#####.#
#.####
#....########.## #.#
#.# # ###..# #.# #.#
#.# # #######..## #.#
#.# #.# # .........)#
#.# ###.###.# #
#######...# #.#
#.....#.# # #...# #.#
#.#.#.#.# #
#...#######.#
#.#.#.#.####
#...........#
#.#.........


You could see a hound.

Action                   || total
-------------------------++-------
Melee: Quarterstaff      ||    19
       Whip              ||    28
 Stab: Sleeping          ||     1
Armor: Leather armour    ||    15
Dodge: Dodged            ||    27

Notes
Turn   | Place    | Note
--------------------------------------------------------------
     0 | D:1      | Duffy the Mummy Gladiator began the quest for the Orb.
     0 | D:1      | Reached XP level 1. HP: 16/16 MP: 1/1
   307 | D:1      | Found an iron altar of Okawaru.
   404 | D:1      | Reached XP level 2. HP: 22/22 MP: 2/2
   531 | D:1      | Reached skill level 3 in Staves
   994 | D:1      | Slain by a hound

Skill      XL: |  1  2 |
---------------+-------+-----
Staves         | 3 |  3.3
Fighting       | |  2.0
Throwing       | |  1.5
Dodging        | |  2.4

Vault maps used:
D:1:      dpeg_arrival_short_road, minivault_14, hangedman_glass_teeth,
          minmay_misc_feat_five, okawaru_ov_weapons_minmay

Vanquished Creatures
  2 dart slugs
  A giant gecko
  A bat
  A goblin
  2 hobgoblins
  6 kobolds
  A rat
14 creatures vanquished.
